 Dungeon Crawl Stone Soup version 0.30-a0-223-gcb0039aa0c (webtiles) character file.

Game seed: 16868821732453737458

2711 lorenzova the Thaumaturge (level 9, -1/45 HPs)
             Began as a Deep Elf Conjurer on Oct 9, 2022.
             Was an Initiate of Vehumet.
             Succumbed to a killer bee's poison
             ... on level 7 of the Dungeon.
             The game lasted 00:10:57 (8441 turns).

lorenzova the Thaumaturge (Deep Elf Conjurer)       Turns: 8441, Time: 00:10:58

Health: -1/45      AC:  4    Str:  4    XL:     9   Next: 39%
Magic:  9/25       EV: 12    Int: 28    God:    Vehumet [......]
Gold:   261        SH:  0    Dex: 13    Spells: 18/29 levels left

rFire   + . .      SeeInvis .    a - +4 scimitar
rCold   . . .      Faith    .    (no shield)
rNeg    . . .      Spirit   .    u - +2 robe of Eye-covered Awe {rF+}
rPois   .          Reflect  .    (no helmet)
rElec   .          Harm     .    (no cloak)
rCorr   .          Rampage  .    (no gloves)
Will    .....                    (no boots)
Stlth   ++........               (no amulet)
HPRegen 0.27/turn                (no ring)
MPRegen 0.19/turn                (no ring)

@: lethally poisoned (-1 -> -8), very slightly contaminated
A: no striking features
a: Renounce Religion


You were on level 7 of the Dungeon.
You worshipped Vehumet.
Vehumet was noncommittal.
You visited 2 branches of the dungeon, and saw 8 of its levels.

You collected 316 gold pieces.
You spent 55 gold pieces at shops.

Inventory:

Hand Weapons
 a - a +4 scimitar (weapon)
Missiles
 m - 2 throwing nets
Armour
 u - the +2 robe of Eye-covered Awe (worn) {rF+}
   (You found it on level 6 of the Dungeon)

   rF:        It protects you from fire.
Magical Staves
 i - a staff of earth
Jewellery
 l - a +4 ring of protection
 o - an amulet of guardian spirit
 t - a ring of resist corrosion
Wands
 p - a wand of flame (12)
 r - a wand of iceblast (10)
Scrolls
 c - a scroll of teleportation
 f - 2 scrolls of silence
 g - 2 scrolls of immolation
 h - a scroll of poison {unknown}
 j - 3 scrolls of amnesia
 k - a scroll of fog {unknown}
 q - a scroll of vulnerability {unknown}
 s - 2 scrolls of torment {unknown}
 w - a scroll of magic mapping {unknown}
 x - a scroll of blinking {unknown}
Potions
 b - 2 potions of magic
 d - 2 potions of brilliance
 e - a potion of resistance
 n - 4 potions of curing
 v - a potion of lignification {unknown}


   Skills:
 - Level 2.4 Dodging
 - Level 2.4 Stealth
 * Level 10.8 Spellcasting
 * Level 9.7 Conjurations
 + Level 5.7 Hexes
 + Level 4.7 Translocations


You had 18 spell levels left.
You knew the following spells:

 Your Spells              Type           Power      Damage    Failure   Level
a - Magic Dart            Conj           100%       1d8       1%          1
b - Searing Ray           Conj           100%       2d8       1%          2
c - Iskenderun's Mystic   Conj/Tloc      54%        2d12      1%          4
d - Fulminant Prism       Conj/Hex       27%        3d14      1%          4

Your spell library contained the following spells:

 Spells                   Type           Power      Damage    Failure   Level
 Dazzling Flash           Conj/Hex       100%       N/A       1%          3
 Sting                    Tmut/Pois      60%        1d6       3%          1
 Malign Gateway           Summ/Tloc      14%        N/A       100%        7
 Summon Horrible Things   Summ           7%         N/A       100%        8


Dungeon Overview and Level Annotations

Branches:
Dungeon (7/15)             Temple (1/1) D:6

Altars:
Ashenzari
Cheibriados
Elyvilon
Fedhas
Hepliaklqana
Kikubaaqudgha
Makhleb
Nemelex Xobeh
Okawaru
Qazlal
Ru
Sif Muna
Trog
Uskayaw
Vehumet
Wu Jian
Xom
Yredelemnul
Zin
The Shining One

Shops:
D:3 ?


Message History

The killer bee is heavily wounded.
You finish channelling your searing ray.
You feel sick. The killer bee stings you. x2
You are more poisoned.
The killer bee poisons you!
Unknown command.
Unknown command.
Casting: Searing Ray (safe; 1% risk of failure)
Confirm with . or Enter, or press ? or * to list all spells.
Aiming: Searing Ray (safe; 1% risk of failure)
Press: ? - help, Shift-Dir - straight line, f - killer bee
Aim: a killer bee (heavily wounded, 65% to hit)
The searing ray hits the killer bee.
The killer bee is almost dead.
The searing ray hits the water moccasin!
The water moccasin is moderately wounded. (Press . to maintain the ray.)
You feel very sick. The killer bee barely misses you.
The killer bee stings you.
* * * LOW HITPOINT WARNING * * *
The searing ray hits the killer bee!
You kill the killer bee!
Vehumet accepts your kill.
The searing ray hits the water moccasin.
The water moccasin is moderately wounded.
* * * LOW HITPOINT WARNING * * *
You feel very sick.
The searing ray hits the water moccasin.
The water moccasin is heavily wounded.
* * * LOW HITPOINT WARNING * * *
You feel very sick. The water moccasin bites you!
* * * LOW HITPOINT WARNING * * *
Unknown command.
Casting: Searing Ray (safe; 1% risk of failure)
Confirm with . or Enter, or press ? or * to list all spells.
You miscast Iskenderun's Mystic Blast.
You are very lightly contaminated with residual magic.
Nothing appears to happen.
You die...

#.##.##........) ...
.h.............. ....
....##..######.. ....# .#
##...# ##. . ... ###.# ##.
..... #.####.. #.#.#
#......) y.#....#####
#.####.. ........S@.# #.#
##.
####...###.########.#####.
##.# #................. #.
#...........###### #
#.########### ... .§.. §§8
....


You could see a water moccasin.

Vanquished Creatures
  Grinder (D:3)
  3 yaks
  A water moccasin (D:6)
  An orc warrior (D:6)
  An ice beast (D:5)
  A black bear (D:4)
  An ogre (D:5)
  A centaur (D:7)
  2 phantoms
  A gnoll sergeant (D:4)
  2 scorpions
  2 wyvern zombies (D:7)
  2 water moccasin zombies (D:7)
  2 wights (D:7)
  3 killer bees (D:7)
  3 howler monkeys (D:7)
  A crimson imp (D:4)
  2 jellies (D:7)
  6 orc priests
  A gnoll bouda (D:6)
  Terence (D:3)
  An iguana (D:5)
  3 orc wizards
  A howler monkey zombie (D:7)
  6 gnolls
  3 adders
  A white imp (D:5)
  2 worms
  4 dart slugs
  22 orcs
  13 endoplasms
  2 giant cockroaches
  5 hobgoblins
  3 jackals (D:3)
  8 kobolds
  5 quokkas
  7 ball pythons
  3 bats
  3 frilled lizards (D:2)
  6 goblins
  4 rats
140 creatures vanquished.

Vanquished Creatures (others)
  A wizard (D:5)
  A fungus (D:7)
  9 plants (D:7)
  3 withered plants (D:7)
14 creatures vanquished.

Grand Total: 154 creatures vanquished

Notes
Turn   | Place    | Note
-------+----------+-------------------------------------------
     0 | D:1      | lorenzova the Deep Elf Conjurer began the quest for the
                  | Orb.
     0 | D:1      | Reached XP level 1. HP: 10/10 MP: 6/6
   128 | D:1      | Reached XP level 2. HP: 15/15 MP: 1/8
   131 | D:1      | Learned a level 2 spell: Searing Ray
   492 | D:1      | Reached skill level 4 in Spellcasting
   835 | D:2      | Reached skill level 5 in Conjurations
   835 | D:2      | Reached XP level 3. HP: 19/19 MP: 7/10
   950 | D:2      | Found a faded altar of an unknown god.
   992 | D:2      | Got Plato's Encyclopedia of Pestilence
  1516 | D:2      | Found a snail-covered altar of Cheibriados.
  2127 | D:3      | Found Kivebry's Magic Scroll Shop.
  2138 | D:3      | Bought a scroll of teleportation for 33 gold pieces
  2138 | D:3      | Bought a scroll of identify for 22 gold pieces
  2191 | D:3      | Noticed Terence
  2206 | D:3      | Killed Terence
  2207 | D:3      | Reached XP level 4. HP: 8/24 MP: 1/12
  2347 | D:3      | Noticed Grinder
  2352 | D:3      | Reached skill level 5 in Spellcasting
  2366 | D:3      | Killed Grinder
  2367 | D:3      | Reached skill level 6 in Spellcasting
  2367 | D:3      | Reached XP level 5. HP: 11/28 MP: 1/15
  2367 | D:3      | Reached XP level 6. HP: 12/32 MP: 1/17
  2577 | D:3      | Learned a level 4 spell: Iskenderun's Mystic Blast
  2582 | D:3      | Learned a level 4 spell: Fulminant Prism
  3017 | D:3      | Reached skill level 1 in Hexes
  3164 | D:4      | Reached skill level 1 in Translocations
  3479 | D:4      | Reached skill level 7 in Spellcasting
  3479 | D:4      | Reached XP level 7. HP: 36/36 MP: 11/19
  3846 | D:4      | Found a shimmering altar of Xom.
  3847 | D:4      | Found a burning altar of Makhleb.
  4319 | D:4      | Found a shimmering blue altar of Sif Muna.
  4488 | D:5      | Entered Level 5 of the Dungeon
  4672 | D:5      | Reached skill level 8 in Spellcasting
  4769 | D:5      | Found a glowing golden altar of the Shining One.
  5010 | D:5      | Found a white marble altar of Elyvilon.
  5023 | D:5      | Reached XP level 8. HP: 29/41 MP: 15/22
  5117 | D:5      | Found a sacrificial altar of Ru.
  5117 | D:5      | Found a sparkling altar of Nemelex Xobeh.
  5371 | D:5      | Found a bloodstained altar of Trog.
  5376 | D:5      | Noticed a wizard
  5383 | D:5      | Killed a wizard
  5716 | D:6      | Found an iron altar of Okawaru.
  5731 | D:6      | Found a broken altar of Ashenzari.
  6330 | D:6      | Identified the +2 robe of Eye-covered Awe {rF+}
  6426 | D:6      | Reached skill level 9 in Spellcasting
  6454 | D:6      | Found a staircase to the Ecumenical Temple.
  6466 | Temple   | Entered the Ecumenical Temple
  6643 | Temple   | Became a worshipper of Vehumet
  6904 | D:6      | Found a glowing silver altar of Zin.
  7660 | D:6      | Reached skill level 10 in Spellcasting
  7660 | D:6      | Reached skill level 5 in Hexes
  7660 | D:6      | Reached XP level 9. HP: 26/45 MP: 0/25
  7950 | D:7      | Noticed a cyclops
  8440 | D:7      | HP: 1/45 [water moccasin (7)]
  8441 | D:7      | Succumbed to a killer bee's poison

Illustrated notes

Levels and vault maps discovered:
D:1:      dpeg_arrival_tiny_c, layout_rooms, minmay_misc_feat_hallway
D:2:      layout_basic, shapermc_ecumenical_altar_rom_forum, basic_altar
D:3:      layout_loops_ring, serial_shops,
          nicolae_shop_temple_entry_statues_fountains, uniq_terence,
          uniq_grinder
D:4:      layout_basic, grunt_temple_overflow_champion_of_chaos,
          mainiacjoe_overflow_tiny_flanked, lightli_minifort
D:5:      layout_loops_ring, trog_wizard, grunt_temple_overflow_open,
          mainiacjoe_overflow_chevrons
D:6:      layout_layer_cave, nicolae_overflow_hidden_temple,
          mainiacjoe_overflow_large_starburst, minmay_temple_entry_proselytizer,
          nicolae_lava_and_water
D:7:      layout_loops_ring, mainiacjoe_overflow_swirl, serial_undead,
          serial_undead_e, serial_undead_e, serial_undead_d, serial_undead_e,
          minmay_shattered_shrine, uniq_duvessa, uniq_prince_ribbit1,
          uniq_crazy_yiuf_cottage
Temple:   nicolae_temple_figure_zero

Skill      XL: |  1  2  3  4  5  6  7  8 |
---------------+-------------------------+-----
Spellcasting   | 4 6 7 8 10 | 10.8
Conjurations   | 5 6 7 9 |  9.7
Hexes          | 1 3 5 |  5.7
Translocations | 1 2 4 |  4.7
Dodging        | |  2.4
Stealth        | |  2.4

Action                   |  1- 3 |  4- 6 |  7- 9 || total
-------------------------+-------+-------+-------++-------
Melee: Scimitar          |       |       |     3 ||     3
 Cast: Magic Dart        |    82 |    42 |    80 ||   204
       Searing Ray       |     2 |    10 |    25 ||    37
       Iskenderun's Myst |       |       |    27 ||    27
  Use: Scroll            |     4 |     1 |     4 ||     9
Armor: Robe              |       |     1 |     7 ||     8
Dodge: Dodged            |     1 |     8 |    34 ||    43

Table legend: (Time is in decaauts)
 A = Elapsed time spent in this place.
 B = Non-inter-level travel time spent in this place.
 C = Inter-level travel time spent in this place.
 D = Time resting spent in this place.
 E = Time spent auto-exploring this place.
 F = Levels seen in this place.
 G = Mean time per level.
                   A        B        C        D        E       F      G
               +--------+--------+--------+--------+--------+-----+--------+
         Total |   8441 |   8254 |    187 |   3237 |   4200 |   8 | 1055.1 |
       Dungeon |   8254 |   8091 |    163 |   3214 |   4066 |   7 | 1179.1 |
        Temple |    187 |    163 |     24 |     23 |    134 |   1 |  187.0 |
               +--------+--------+--------+--------+--------+-----+--------+

Top non-repeatable levels by time:
     D:6: 1905 daAuts
     D:4: 1348 daAuts
     D:2: 1270 daAuts
     D:5: 1207 daAuts
     D:3: 1040 daAuts
     D:1: 827 daAuts
     D:7: 653 daAuts
  Temple: 187 daAuts
